Map: Ulrena

Players

capac - Winner!

  • Race: Terran Terran
  • League: Gold

KhalaRUndes

  • Race: Protoss Protoss
  • League: Gold

VOD

Have the link to the VOD?

Description

Time

  • Played on: Dec. 1, 2015, 1:28 p.m.
  • Length: 13:05
Show
View Real Time Build Order
Export as new Build Order

capac Terran - Winner!

Build Orders:  

Get SALT Encoding   

  12  0:01  SCV  
  13  0:13  SCV  
  14  0:19  Supply Depot  
  14  0:25  SCV  
  15  0:40  SCV  
  15  0:41  Barracks  
  16  0:46  Refinery  
  16  0:54  SCV  
  17  1:06  SCV  
  18  1:18  SCV  
  19  1:34  Supply Depot  
  19  1:36  SCV  
  19  1:37  Barracks Reactor  
  20  1:48  SCV  
  21  1:55  Refinery  
  21  2:00  Command Center  
  21  2:07  Orbital Command  
  23  2:21  Factory  
  23  2:22  Marine  
  22  2:25  Marine  
  23  2:35  SCV  
  24  2:44  Marine x2  
  24  2:49  SCV  
  27  3:01  SCV  
  27  3:02  Marine x2  
  30  3:06  Starport  
  30  3:13  Factory Tech Lab  
  30  3:15  SCV  
  31  3:20  Marine x2  
  32  3:29  Bunker  
  32  3:31  SCV  
  32  3:33  Siege Tank  
  36  3:49  Marine x2  
  36  3:55  Medivac  
  40  4:01  Supply Depot  
  40  4:02  Orbital Command  
  40  4:13  Siege Tank  
  40  4:14  Marine  
  40  4:15  Marine  
  45  4:29  Starport Reactor  
  45  4:32  Supply Depot  
  45  4:33  Marine  
  46  4:39  SCV  
  46  4:41  SCV  
  48  4:47  Siege Tank  
  48  4:49  Marine  
  48  4:52  SCV  
  53  4:58  Liberator  
  53  5:06  SCV x2  
  55  5:07  Refinery  
  55  5:08  Marine x2  
  60  5:22  Supply Depot  
  60  5:26  Liberator  
  60  5:33  SCV  
  60  5:34  SCV  
  62  5:45  SCV  
  62  5:46  Supply Depot, SCV  
  62  5:48  Siege Tank  
  70  5:58  Barracks  
  70  6:00  Supply Depot  
  70  6:01  Barracks  
  70  6:03  Engineering Bay  
  70  6:07  Marine x2  
  70  6:08  Engineering Bay  
  70  6:10  SCV x2  
  74  6:21  Supply Depot  
  74  6:34  Barracks  
  74  6:35  Barracks  
  74  6:37  Supply Depot  
  74  6:38  Marine x2  
  76  6:48  Medivac x2  
  76  6:53  Siege Tank  
  83  6:55  SCV x2  
  83  6:58  Marine  
  86  7:01  Barracks Tech Lab  
  86  7:03  Barracks Tech Lab  
  86  7:07  SCV x2  
  88  7:19  SCV x2  
  88  7:20  Refinery  
  88  7:22  Stimpack, Combat Shields  
  90  7:28  Supply Depot  
  90  7:31  SCV  
  90  7:37  Terran Infantry Weapons Level 1, Terran Infantry Armor Level 1  
  91  7:39  Armory  
  91  7:43  SCV x2  
  93  7:46  Supply Depot  
  93  7:48  Barracks Reactor  
  93  7:51  Barracks Tech Lab  
  93  7:53  Marine  
  93  7:54  Marauder x2  
  98  8:12  Command Center  
  100  8:13  Marauder  
  100  8:31  Marine x3  
  100  8:32  Marine  
  100  8:33  Marauder x2  
  110  8:34  Marauder  
  110  8:35  Supply Depot  
  110  8:36  Siege Tank  
  110  8:38  Medivac  
  110  8:40  Supply Depot  
  115  8:54  Marine x3  
  118  8:56  Marine x2  
  118  8:57  Marauder  
  118  8:58  Medivac  
  95  10:02  Liberator x2  
  95  10:05  Marine x4  
  95  10:06  Marauder  
  93  10:16  Marine x2  
  93  10:18  Siege Tank  
  104  10:27  Marauder  
  106  10:34  Marauder x2  
  110  10:37  Missile Turret  
  110  10:49  Marauder  
  107  10:59  Marine  
  107  11:00  Marine x3  
  107  11:01  Marauder x2  
  115  11:05  Medivac x2  
  115  11:09  Siege Tank  
  115  11:10  Marauder  
  124  11:33  Marine x2  
  124  11:34  Marine x3  
  124  11:35  Marauder x2  
  133  11:52  Marauder  
  135  12:06  Marine x5  
  135  12:07  Marauder  
  142  12:14  Marauder  
  144  12:25  Marauder  
  144  12:27  Marine x3  
  149  12:35  Widow Mine  
  149  12:36  Supply Depot, Marauder  
Show
View Real Time Build Order
Export as new Build Order

KhalaRUndes Protoss 

Build Orders:  

Get SALT Encoding   

  12  0:09  Pylon  
  12  0:13  Probe (Chrono Boost)  
  13  0:24  Probe (Chrono Boost)  
  14  0:34  Probe (Chrono Boost)  
  15  0:36  Gateway  
  15  0:45  Probe (Chrono Boost)  
  15  0:47  Assimilator  
  16  0:55  Probe (Chrono Boost), Assimilator  
  17  1:06  Probe (Chrono Boost)  
  18  1:16  Probe (Chrono Boost)  
  19  1:23  Cybernetics Core  
  19  1:24  Pylon  
  19  1:27  Probe (Chrono Boost)  
  20  1:37  Probe (Chrono Boost)  
  21  1:48  Probe (Chrono Boost)  
  22  1:58  Probe (Chrono Boost)  
  23  2:03  Warp Gate (Chrono Boost)  
  23  2:10  Probe  
  24  2:17  Robotics Facility  
  24  2:23  Robotics Facility  
  24  2:36  Pylon  
  24  2:49  Mothership Core  
  26  2:55  Gateway  
  26  2:58  Gateway  
  26  3:00  Forge  
  26  3:11  Immortal  
  30  3:17  Pylon  
  30  3:35  Immortal  
  34  3:52  Protoss Ground Weapons Level 1 (Chrono Boost)  
  34  4:00  Pylon  
  34  4:05  Adept  
  34  4:07  Adept  
  38  4:19  Adept  
  40  4:25  Twilight Council  
  40  4:31  Pylon  
  40  4:55  Nexus  
  40  5:02  Resonating Glaives (Chrono Boost)  
  40  5:21  Pylon  
  40  5:28  Adept  
  40  5:29  Adept x2  
  46  5:39  Assimilator  
  46  5:41  Assimilator  
  46  5:49  Protoss Ground Weapons Level 2 (Chrono Boost)  
  46  6:01  Photon Cannon  
  46  6:18  Probe  
  46  6:19  Robotics Bay  
  47  6:29  Probe  
  48  6:39  Probe  
  50  6:47  Observer  
  50  6:50  Probe  
  51  7:00  Probe, Dark Shrine  
  52  7:09  Adept  
  52  7:10  Adept x2  
  52  7:11  Probe  
  59  7:21  Probe, Disruptor  
  63  7:32  Probe  
  63  7:35  Disruptor  
  67  7:42  Probe  
  69  7:53  Probe  
  69  8:03  Probe  
  70  8:20  Dark Templar x2  
  70  8:25  Stalker  
  75  8:36  Probe  
  76  8:45  Pylon  
  76  8:47  Probe, Pylon  
  76  8:49  Observer  
  76  8:50  Pylon  
  76  8:53  Pylon  
  76  8:54  Archon  
  78  9:05  Dark Templar  
  78  9:06  Dark Templar  
  78  9:07  Stalker  
  50  9:35  Stalker  
  44  9:51  Dark Templar x2  
  41  10:11  Immortal x2  
  49  10:21  Stalker  
  51  10:23  Stalker  
  51  10:24  Stalker  
  41  11:09  Pylon  
  41  11:10  Pylon  
  41  11:13  Pylon  
  41  11:15  Pylon  
  20  11:33  Gateway  
  20  11:34  Gateway  
  20  11:36  Gateway  
  20  11:38  Gateway  
  19  11:41  Gateway  
  19  11:43  Gateway x2  
  19  11:45  Gateway  
  19  11:50  Robotics Bay  
  19  11:54  Cybernetics Core  
  19  12:00  Pylon  
  19  12:17  Nexus  
  19  12:41  Stalker x4  
  19  12:42  Stalker x3  
  19  12:43  Stalker  
Tags
 
League
GoldGold
Matchup
PvT
Add a new tag
Caveats
  • Supply blocks, unpowered buildings, or Contaminate may cause inaccurate times.
  • Supply counts are checked every 10 seconds.